 Dungeon Crawl Stone Soup version 0.20.1-1-g8b1a95d (webtiles) character file.

2905 Monsterracer the Destroyer (level 9, -4/78 HPs)
             Began as a Tengu Wizard on Aug 5, 2017.
             Was an Initiate of Vehumet.
             Slain by an orc warrior
             ... wielding a +0 vampiric short sword
              (12 damage)
             ... on level 9 of the Dungeon.
             The game lasted 00:23:42 (10653 turns).

Monsterracer the Destroyer (Tengu Wizard)          Turns: 10653, Time: 00:23:43

Health: -4/78      AC: 24    Str:  7    XL:     9   Next: 78%
Magic:  1/18       EV:  2    Int: 23    God:    Vehumet [......]
Gold:   267        SH:  0    Dex: 12    Spells: 10/19 levels left

rFire    . . .     SeeInvis .   B - +1 spear (vamp)
rCold    . . .     Gourm    .   (no shield)
rNeg     + + +     Faith    .   (armour currently unavailable)
rPois    +         Spirit   .   (helmet currently unavailable)
rElec    .         Reflect  .   (cloak currently unavailable)
rCorr    +         Harm     .   (gloves currently unavailable)
MR       .....     NoTele   +   (boots unavailable)
Stlth    ++........             (no amulet)
Regen    0.3/turn               o - ring of resist corrosion
MPRegen  0.2/turn               t - ring of wizardry

@: tree-form
A: able to fly 1
a: Fly, Renounce Religion


You were on level 9 of the Dungeon.
You worshipped Vehumet.
Vehumet was noncommittal.
You were not hungry.
You were a tree.
You visited 2 branches of the dungeon, and saw 10 of its levels.

You collected 499 gold pieces.
You spent 232 gold pieces at shops.

Inventory:

Hand Weapons
 B - a +1 vampiric spear (weapon)
Armour
 a - a +0 robe (melded)
 b - a +0 hat (melded)
 w - a +1 pair of gloves (melded)
 y - a scarf of resistance (melded)
 A - the +2 leather armour of the Okapi {+Inv rF++ Str-4 SInv}
   (You found it on level 6 of the Dungeon)

   It affects your strength (-4).
   It greatly protects you from fire.
   It lets you see invisible.
   It lets you turn invisible.
Jewellery
 n - an uncursed ring of flight
 o - a ring of resist corrosion (left branch)
 s - an uncursed ring of fire
 t - a ring of wizardry (right branch)
Wands
 v - a wand of lightning (12/15)
 z - a wand of iceblast (4/15)
Scrolls
 c - a scroll of magic mapping
 i - 3 scrolls of teleportation
 j - a scroll of remove curse
 k - 6 scrolls of identify
 l - a scroll of amnesia
 C - a scroll of recharging
Potions
 e - 2 potions of curing
 h - 3 potions of heal wounds
 m - a potion of ambrosia
 p - 2 potions of magic
 q - a potion of might
 r - 2 potions of lignification
 u - a potion of agility
 x - 2 potions of mutation
Comestibles
 d - 8 bread rations
 f - 3 royal jellies
 g - 4 meat rations


   Skills:
 + Level 4.6 Fighting
 + Level 5.5 Dodging
 - Level 2.0 Stealth
 + Level 5.6 Spellcasting
 * Level 11.0 Conjurations
   Level 1.2 Summonings
 - Level 0.7 Translocations
 + Level 6.8 Air Magic


You had 10 spell levels left.
You knew the following spells:

 Your Spells              Type           Power        Failure   Level  Hunger
a - Magic Dart            Conj           ####         1%          1    None
b - Conjure Flame         Conj/Fire      ####....     1%          3    ##.....
c - Mephitic Cloud        Conj/Pois/Air  ####....     1%          3    ##.....
e - Blink                 Tloc           N/A          4%          2    None


Dungeon Overview and Level Annotations

Branches:
Dungeon (9/15)             Temple (1/1) D:7
   Lair: D:8-11         Orc: D:9-12

Altars:
Ashenzari
Cheibriados
Dithmenos
Elyvilon
Fedhas
Gozag
Hepliaklqana
Kikubaaqudgha
Makhleb
Nemelex Xobeh
Okawaru
Qazlal
Ru
Sif Muna
Trog
Uskayaw
Vehumet
Xom
Yredelemnul
Zin
The Shining One

Shops:
D:7 [


Innate Abilities, Weirdness & Mutations

((You have a beak for a mouth.))
((You have claws for feet.))
You can fly.


Message History

Unknown command.
Casting: Magic Dart
Confirm with . or Enter, or press ? or * to list all spells.
You don't have enough magic to cast that spell.
Unknown command.
Casting: Magic Dart
Confirm with . or Enter, or press ? or * to list all spells.
You don't have enough magic to cast that spell.
You hit the wyvern but do no damage.
The wyvern is heavily wounded.
The wyvern bites you but does no damage.
The orc warrior hits you but does no damage.
The wyvern bites you but does no damage.
You closely miss the wyvern.
The wyvern is heavily wounded.
The orc warrior hits you but does no damage.
The wyvern bites you!
* * * LOW HITPOINT WARNING * * *
The orc warrior hits you with a vampiric short sword!
You die...

.####..........# ##
#).........#
.####..........###
.................#####
#####.................
. #...................
#............###..#.
#####...............
#......l♣.#####
#......o.## #........#
##########


You could see an orc warrior and a wyvern.

Vanquished Creatures
  Joseph (D:8)
  A hornet (D:6)
  Menkaure (D:5)
  A sky beast (D:4)
  3 orc warriors
  A phantom (D:4)
  2 ogres
  4 centaurs
  A bullfrog (D:9)
  A wyvern skeleton (D:6)
  A scorpion (D:7)
  5 howler monkeys
  A crimson imp (D:5)
  An orc priest (D:4)
  2 hounds
  5 bullfrog skeletons
  6 orc wizards
  5 iguanas
  5 worker ants
  A hound zombie (D:5)
  7 gnolls
  9 adders
  2 shadow imps
  2 oozes
  An adder zombie (D:6)
  2 adder skeletons
  5 worms
  3 dart slugs
  4 leopard geckos
  15 orcs
  4 ball pythons
  5 bats
  6 giant cockroaches
  7 goblins
  9 hobgoblins
  4 jackals (D:5)
  3 kobolds
  2 quokkas
  9 frilled lizards
  A giant cockroach zombie (D:6)
  A quokka skeleton (D:3)
  12 rats
161 creatures vanquished.

Notes
Turn   | Place    | Note
-------+----------+-------------------------------------------
     0 | D:1      | Monsterracer the Tengu Wizard began the quest for the Orb.
     0 | D:1      | Reached XP level 1. HP: 10/10 MP: 5/5
     6 | D:1      | Noticed a swamp worm
     6 | D:1      | Noticed a black bear
     6 | D:1      | Noticed an anaconda
     7 | D:1      | Noticed a hound
     7 | D:1      | Noticed a killer bee
    41 | D:1      | Reached skill level 2 in Conjurations
   213 | D:1      | Reached skill level 3 in Conjurations
   213 | D:1      | Reached XP level 2. HP: 15/15 MP: 1/7
   273 | D:1      | Learned a level 2 spell: Blink
   417 | D:1      | Reached XP level 3. HP: 19/19 MP: 4/8
   422 | D:1      | Learned a level 3 spell: Conjure Flame
   663 | D:1      | Reached skill level 4 in Conjurations
   858 | D:2      | Found a blossoming altar of Fedhas.
   886 | D:2      | HP: 9/19 [adder (1)]
  1167 | D:2      | Reached XP level 4. HP: 24/24 MP: 3/9
  1172 | D:2      | Learned a level 3 spell: Mephitic Cloud
  1275 | D:2      | Reached skill level 5 in Conjurations
  2079 | D:2      | Reached skill level 1 in Air Magic
  2459 | D:3      | Gained mutation: You can fly. [Tengu growth]
  2459 | D:3      | Reached XP level 5. HP: 28/28 MP: 6/10
  2579 | D:3      | Noticed an ogre
  2593 | D:3      | Killed an ogre
  2593 | D:3      | Reached skill level 6 in Conjurations
  3046 | D:4      | Reached XP level 6. HP: 33/33 MP: 10/12
  3127 | D:4      | Reached skill level 1 in Fighting
  3348 | D:4      | Noticed a phantom
  3427 | D:4      | Killed a phantom
  3529 | D:4      | Noticed a sky beast
  3572 | D:4      | Killed a sky beast
  3572 | D:4      | Reached skill level 7 in Conjurations
  3572 | D:4      | Reached XP level 7. HP: 35/39 MP: 0/13
  3791 | D:4      | HP: 20/40 [poisoned by a worker ant]
  3796 | D:4      | HP: 19/40 [poisoned by a worker ant]
  3804 | D:4      | HP: 18/40 [poisoned by a worker ant]
  3812 | D:4      | HP: 17/40 [poisoned by a worker ant]
  3847 | D:4      | HP: 19/40 [orc/falchion (2)]
  4208 | D:4      | Noticed a moth of wrath
  4211 | D:4      | Found a bloodstained altar of Trog.
  4850 | D:5      | Entered Level 5 of the Dungeon
  5204 | D:5      | Noticed a dagger
  5205 | D:5      | Found a hide-covered altar of Uskayaw.
  5206 | D:5      | Noticed a dagger
  5261 | D:5      | Reached XP level 8. HP: 45/45 MP: 9/15
  5321 | D:5      | Noticed Menkaure
  5435 | D:5      | Killed Menkaure
  5435 | D:5      | Reached skill level 8 in Conjurations
  6032 | D:6      | Reached skill level 5 in Air Magic
  6189 | D:6      | Found a glowing silver altar of Zin.
  6227 | D:6      | Reached skill level 9 in Conjurations
  6240 | D:6      | HP: 20/46 [orc/flail (11)]
  6383 | D:6      | You fall through a shaft for 2 floors!
  6563 | D:8      | HP: 23/46 [poisoned by a worker ant]
  6570 | D:8      | HP: 21/46 [poisoned by a worker ant]
  6577 | D:8      | HP: 20/46 [poisoned by a worker ant]
  6585 | D:8      | HP: 19/46 [poisoned by a worker ant]
  6866 | D:7      | Found Eqiraesu's Antique Armour Shoppe.
  6874 | D:7      | Bought a runed scarf for 232 gold pieces
  6915 | D:7      | HP: 20/46 [something/puff of flame (6)]
  6922 | D:7      | HP: 14/46 [something/puff of flame (6)]
  7182 | D:8      | Reached XP level 9. HP: 51/51 MP: 1/17
  7356 | D:8      | Noticed Joseph
  7391 | D:8      | HP: 22/52 [Joseph/uncursed quarterstaff (11)]
  7409 | D:8      | Killed Joseph
  7409 | D:8      | Reached skill level 5 in Dodging
  7409 | D:8      | Reached skill level 5 in Spellcasting
  7409 | D:8      | Reached skill level 10 in Conjurations
  8195 | D:7      | HP: 18/52 [orc warrior/stone (18)]
  8668 | D:7      | Found a staircase to the Ecumenical Temple.
  8697 | Temple   | Entered the Ecumenical Temple
  8857 | Temple   | Became a worshipper of Vehumet
  9080 | D:6      | HP: 26/52 [hornet zombie (3)]
  9083 | D:6      | HP: 4/52 [hornet zombie (13)]
  9236 | D:6      | HP: 17/52 [wyvern skeleton (13)]
  9244 | D:6      | HP: 10/52 [wyvern skeleton (9)]
  9601 | D:6      | Got a spiked leather armour
  9612 | D:6      | Identified the +2 leather armour of the Okapi {+Inv rF++ Str-4 SInv} (You found it on level 6 of the Dungeon)
  9830 | D:6      | Noticed a hornet
  9837 | D:6      | Killed a hornet
 10446 | D:8      | Reached skill level 11 in Conjurations
 10645 | D:9      | HP: 15/52 [wyvern (13)]
 10653 | D:9      | HP: 8/78 [wyvern (9)]
 10653 | D:9      | Slain by an orc warrior

Skill      XL: |  1  2  3  4  5  6  7  8  9 |
---------------+----------------------------+-----
Conjurations   | 3 4 5 6 7 9 11 | 11.0
Air Magic      | 1 2 3 4 5 6 |  6.8
Fighting       | 1 2 3 4 |  4.6
Dodging        | 3 4 5 |  5.5
Spellcasting   | 4 5 |  5.6
Stealth        | |  2.0
Summonings     | |  1.2
Translocations | |  0.7

Action                   |  1- 3 |  4- 6 |  7- 9 || total
-------------------------+-------+-------+-------++-------
Melee: Unarmed           |     3 |       |       ||     3
       Peck              |     1 |     3 |    27 ||    31
       Spear             |    10 |    15 |    23 ||    48
       Kick              |       |     5 |    24 ||    29
       Falchion          |       |     7 |    55 ||    62
 Cast: Magic Dart        |    52 |   142 |   344 ||   538
       Blink             |       |     1 |     7 ||     8
       Conjure Flame     |       |     3 |    14 ||    17
       Mephitic Cloud    |       |     1 |    15 ||    16
 Abil: Evoke Flight      |       |     2 |       ||     2
       Fly               |       |       |     1 ||     1
  Use: Potion            |     1 |       |     1 ||     2
       Scroll            |       |     9 |    13 ||    22
 Stab: Confused          |       |       |     3 ||     3
       Sleeping          |       |       |     1 ||     1
  Eat: Chunk             |       |     8 |    18 ||    26
       Meat ration       |       |       |     1 ||     1
       Bread ration      |       |       |     1 ||     1
       Fruit             |       |       |     1 ||     1
Armor: Robe              |     1 |     5 |    12 ||    18
       Skin              |       |       |    10 ||    10
Dodge: Dodged            |    11 |    37 |   125 ||   173
       Rpst.: Falchion   |       |     2 |    27 ||    29
